 Dungeon Crawl Stone Soup version 0.30.1 (webtiles) character file.

Game seed: 16433914842084849727

31 Graphine the Sneak (level 3, -4/22 HPs)
             Began as a Kobold Brigand on July 4, 2023.
             Slain by a kobold
             ... wielding a +0 war axe
              (7 damage)
             ... on level 2 of the Dungeon.
             The game lasted 00:01:17 (1456 turns).

Graphine the Sneak (Kobold Brigand)                 Turns: 1456, Time: 00:01:18

Health: -4/22      AC:  3    Str:  8    XL:     3   Next: 40%
Magic:  3/3        EV: 14    Int: 12    God:
Gold:   99         SH:  0    Dex: 18    Spells: 2/2 levels left

rFire   . . .        a - +2 dagger
rCold   . . .        (no shield)
rNeg    . . .        b - +0 robe
rPois   .            (no helmet)
rElec   .            c - +0 cloak
rCorr   .            (no gloves)
SInv    .            (no boots)
Will    .....        (no amulet)
Stlth   ++++         (no ring)
HPRegen 0.23/turn    (no ring)
MPRegen 0.08/turn

%: no passive effects
@: no status effects
A: small, no large weapons, nightstalker 3
a: no special abilities


You were on level 2 of the Dungeon.
You visited 1 branch of the dungeon, and saw 2 of its levels.

You collected 99 gold pieces.

Inventory:

Hand Weapons
 a - a +2 dagger (weapon)
Missiles
 d - 15 poisoned darts (quivered)
 e - 3 curare-tipped darts
Armour
 b - a +0 robe (worn)
 c - a +0 cloak (worn)
Jewellery
 l - a ring of see invisible
Potions
 g - a potion of curing {unknown}
 i - a potion of might {unknown}
 k - a potion of attraction {unknown}


   Skills:
 + Level 2.6 Fighting
 + Level 3.2 Short Blades
 + Level 2.6 Throwing
 + Level 1.9 Dodging
 + Level 5.6 Stealth


You had 2 spell levels left.
You didn't know any spells.
Your spell library was empty.

Dungeon Overview and Level Annotations

Branches:
Dungeon (2/15)

Altars:


Innate Abilities, Weirdness & Mutations

You are small and have problems with some larger weapons.
You are completely attuned to the shadows.


Message History

You closely miss the adder.
The adder is severely wounded.
* * * LOW HITPOINT WARNING * * *
You feel sick. The adder barely misses you.
* * * LOW HITPOINT WARNING * * *
You feel sick. The adder attacks as you move away! The adder bites you.
* * * LOW HITPOINT WARNING * * *
The kobold attacks as you move away! The kobold closely misses you.
* * * LOW HITPOINT WARNING * * *
You feel sick. The adder barely misses you.
You feel much better.
You feel sick. The adder closely misses you.
You barely miss the adder.
The adder is severely wounded.
You feel sick. The adder barely misses you.
You closely miss the adder.
The adder is severely wounded.
The adder bites you.
You hit the adder.
The adder is almost dead.
You feel sick. The adder bites you but does no damage.
You hit the adder.
You kill the adder!
You feel sick.
You are no longer poisoned.
You closely miss the kobold. You hit the kobold but do no damage.
The kobold hits you with a +0 war axe!
You hit the kobold but do no damage. The kobold completely misses you.
You closely miss the kobold. The kobold closely misses you.
You hit the kobold.
The kobold is severely wounded.
The kobold hits you with a +0 war axe!
* * * LOW HITPOINT WARNING * * *
You hit the kobold but do no damage.
The kobold is severely wounded.
Okay, then.
You closely miss the kobold.
The kobold is severely wounded.
The kobold hits you with a +0 war axe!
You die...

...........#.#.#.#..
##
############.#.#.#.##
#######......#.#.#.<#
#..........>...#.#..#
#.#######..###......#
#.#######..# #.###..#
#......##..# #.# #..#
#.####.....###.###..#.
### #..#..##...@K....)
#..#..#######....#
#.†#..# #..... #..##.#
...... ...# .# .#.#
....# .<


You could see a kobold.

Vanquished Creatures
  An adder (D:2)
  4 ball pythons
  3 endoplasms
  A giant cockroach (D:2)
  2 goblins
  3 hobgoblins
  2 jackals (D:1)
  A kobold (D:2)
  2 bats (D:1)
19 creatures vanquished.

Notes
Turn   | Place    | Note
-------+----------+-------------------------------------------
     0 | D:1      | Graphine the Kobold Brigand began the quest for the Orb.
     0 | D:1      | Reached XP level 1. HP: 12/12 MP: 1/1
   113 | D:1      | Reached XP level 2. HP: 18/18 MP: 2/2
   977 | D:2      | Reached XP level 3. HP: 8/22 MP: 3/3
  1444 | D:2      | HP: 1/22 [poisoned by an adder]
  1456 | D:2      | Slain by a kobold

Illustrated notes

Levels and vault maps discovered:
D:1:      heliophobic_arrival_glass_houses, layout_basic,
          minmay_misc_feat_more_columns
D:2:      layout_basic, nrook_uturn

Skill      XL: |  1  2 |
---------------+-------+-----
Short Blades   | 3 |  3.2
Fighting       | |  2.6
Throwing       | |  2.6
Dodging        | |  1.9
Stealth        | |  5.6

Action                     || total
---------------------------++-------
  Melee: Dagger            ||    76
         Punch             ||     1
    Use: Scroll            ||     3
         Potion            ||     1
   Stab: Sleeping          ||     9
 Armour: Robe              ||    14
  Dodge: Dodged            ||    56
